 Dungeon Crawl Stone Soup version 0.26.1-11-gd32895ea62 (webtiles) character file.

Game seed: 16034351376189107015

21630 Almogavar the Devastator (level 12, -7/62 HPs)
             Began as a Tengu Conjurer on May 22, 2021.
             Was an Elder of Sif Muna.
             Mangled by a four-headed hydra (10 damage)
             ... on level 2 of the Lair of Beasts.
             The game lasted 01:18:48 (19883 turns).

Almogavar the Devastator (Tengu Conjurer)          Turns: 19883, Time: 01:18:49

Health: -7/62      AC:  5    Str:  9      XL:     12   Next: 92%
Magic:  17/29      EV: 18    Int: 21 (23) God:    Sif Muna [****..]
Gold:   763        SH:  0    Dex: 11 (12) Spells: 19/35 levels left

rFire    + . .     SeeInvis .   B - staff of fire
rCold    . . .     Faith    +   (no shield)
rNeg     . . .     Spirit   .   I - +0 leather armour "Guficip" {rElec} (curse)
rPois    +         Reflect  .   (helmet restricted)
rElec    +         Harm     .   k - +0 cloak
rCorr    .         Rampage  .   d - +0 pair of gloves
Will     .....                  (boots unavailable)
Stlth    +++.......             G - amulet of faith
HPRegen  0.20/turn              F - +4 ring of evasion
MPRegen  0.21/turn              b - ring of poison resistance

@: invisible
A: beak, talons 3, able to fly
a: Fly, Renounce Religion, Channel Magic, Forget Spell, Divine Exegesis


You were on level 2 of the Lair of Beasts.
You worshipped Sif Muna.
Sif Muna was greatly pleased with you.
You visited 3 branches of the dungeon, and saw 14 of its levels.

You collected 805 gold pieces.
You spent 42 gold pieces at shops.

Inventory:

Hand Weapons
 n - a +2 dagger of venom
Missiles
 y - 64 bolts
 z - 218 arrows
Armour
 c - a scarf of harm
 d - a +0 pair of gloves (worn)
 k - a +0 cloak (worn)
 I - the cursed +0 leather armour "Guficip" (worn) {rElec}
   (You found it on level 11 of the Dungeon)

   It insulates you from electricity.
   It has a curse placed upon it.
Magical Staves
 B - an uncursed staff of fire (weapon)
Jewellery
 b - a ring of poison resistance (right hand)
 e - a +6 ring of strength
 g - a +6 ring of dexterity
 h - an uncursed ring of positive energy
 o - an uncursed ring of protection from fire
 t - an uncursed ring of ice
 F - a +4 ring of evasion (left hand)
 G - an amulet of faith (around neck)
Wands
 w - a wand of random effects (27)
 H - a wand of disintegration (18)
Scrolls
 a - 7 scrolls of remove curse
 l - 5 scrolls of teleportation
 q - 3 scrolls of enchant weapon {unknown}
 r - 4 scrolls of magic mapping
 v - a scroll of noise {unknown}
 x - 3 scrolls of amnesia {unknown}
 A - 2 scrolls of fog {unknown}
 E - a scroll of summoning {unknown}
Potions
 j - 4 potions of brilliance
 m - a potion of invisibility
 p - 4 potions of ambrosia
 u - 2 potions of haste {unknown}
 C - 9 potions of curing
 D - 2 potions of degeneration
Miscellaneous
 s - a condenser vane


   Skills:
 + Level 1.7 Fighting
 + Level 4.2 Armour
 + Level 6.4 Dodging
 + Level 5.7 Stealth
 + Level 12.2 Spellcasting
 + Level 15.1 Conjurations
 + Level 6.0 Hexes


You had 19 spell levels left.
You knew the following spells:

 Your Spells              Type           Power        Failure   Level
a - Magic Dart            Conj           100%         0%          1
b - Searing Ray           Conj           100%         1%          2
c - Dazzling Flash        Conj/Hex       100%         1%          3
d - Slow                  Hex            38%          1%          2
e - Fulminant Prism       Conj/Hex       27%          1%          4
f - Cause Fear            Hex            19%          6%          4

Your spell library contained the following spells:

 Spells                   Type           Power        Failure   Level
 Corona                   Hex            42%          1%          1
 Iskenderun's Mystic Bla  Conj/Tloc      44%          3%          4
 Inner Flame              Hex/Fire       38%          6%          3
 Portal Projectile        Hex/Tloc       50%          6%          3
 Summon Guardian Golem    Hex/Summ       25%          6%          3
 Summon Small Mammal      Summ           48%          7%          1
 Call Imp                 Summ           12%          11%         2
 Leda's Liquefaction      Hex/Erth       12%          21%         4
 Call Canine Familiar     Summ           12%          22%         3
 Summon Ice Beast         Ice/Summ       12%          56%         4
 Summon Lightning Spire   Summ/Air       12%          56%         4


Dungeon Overview and Level Annotations

Branches:
Dungeon (11/15)            Temple (1/1) D:7            Lair (2/6) D:8
 Shoals (0/4) Lair:2       Spider (0/4) Lair:2          Orc (0/2) D:11

Altars:
Ashenzari
Cheibriados
Dithmenos
Elyvilon
Fedhas
Hepliaklqana
Kikubaaqudgha
Makhleb
Okawaru
Qazlal
Ru
Sif Muna
Trog
Uskayaw
Vehumet
Wu Jian
Xom
Yredelemnul
The Shining One

Shops:
D:5 *   D:7 }


Innate Abilities, Weirdness & Mutations

You have a beak for a mouth.
You have claws for feet.
You can fly continuously.


Message History

The four-headed hydra misses you.
Casting: Cause Fear (dangerous; 6% risk of failure)
Confirm with . or Enter, or press ? or * to list all spells.
The four-headed hydra is dazzled.
The four-headed hydra closely misses you. x2
The four-headed hydra bites you.
* * * LOW HITPOINT WARNING * * *
The four-headed hydra misses you.
The four-headed hydra is no longer blind.
As you read the scroll labelled TYTAXAU HOYHU, it crumbles to dust.
You feel aware of your surroundings.
It was a scroll of magic mapping.
The four-headed hydra misses you.
The four-headed hydra bites you but does no damage.
The four-headed hydra barely misses you.
The four-headed hydra closely misses you.
You fade into invisibility!
The four-headed hydra completely misses you.
The four-headed hydra closely misses you.
The four-headed hydra bites you!
You die...

*,,,,,......#......#......##..,**
*,,,,,,......#.....##....#*,#.*##
****,,*#.....#..#.##*....#*.#.##.
****,,*#...^##.######....#...+P.#
*,**,,*P.........................
,,,,,,,..........................
,,,,,,,..........................
,,,,,,,..................[.......
,,,,,,,.........@D.........#.....
*,,,***........##.##........#+#.P
*,,,***.....##.####........#....#
*,,,,**,....,..,,,.........##..##
,,,,,**,,..,.P.,,..#.....<$.#..##
,+,,,,*,,,,..*,,...........##.,#.
,*,,,,,,,,,,**,#.#.#........#,,##
,*,*,*,,,,,,,**##.*#........##*##
**,*,,,,,,,,,,,,,,.........P.###.


You could see a four-headed hydra.

Vanquished Creatures
  Harold (Lair:2)
  2 hydras (Lair:1)
  3 two-headed ogres
  A death yak (Lair:1)
  Pikel (D:8)
  2 cyclopes
  A centaur zombie (D:11)
  Joseph (D:7)
  A black mamba (Lair:1)
  Maurice (D:9)
  Maggie (D:8)
  A torpor snail (Lair:2)
  5 cane toads
  7 komodo dragons
  A rime drake (Lair:1)
  3 trolls
  A vampire (D:11)
  11 yaks
  A shadow (D:6)
  A wyvern (D:9)
  Eustachio (D:6)
  2 basilisks (Lair:1)
  Grum (D:8)
  5 water moccasins
  3 sky beasts (D:9)
  2 orc warriors (D:11)
  3 ice beasts
  3 phantoms
  6 black bears
  2 eyes of draining
  12 ogres
  4 wolves (D:8)
  4 centaurs
  2 necrophages
  3 big kobolds
  12 bullfrogs
  2 gnoll sergeants (D:11)
  8 scorpions
  10 killer bees
  2 electric eels (D:7)
  5 howler monkeys
  3 wights (D:9)
  A bullfrog zombie (D:6)
  An orc priest (D:9)
  4 hounds
  2 jellies
  2 orc wizards
  2 iguanas
  9 worker ants
  3 hound skeletons
  A worker ant zombie (D:11)
  2 gnolls (D:11)
  11 adders
  2 shadow imps (D:6)
  2 white imps
  2 ufetubi
  An ooze (D:3)
  2 worms (D:3)
  2 dart slugs
  4 leopard geckos
  21 orcs
  9 bats
  8 giant cockroaches
  7 goblins
  7 hobgoblins
  8 jackals
  4 quokkas
  4 frilled lizards
  16 kobolds
  2 quokka skeletons
  A quokka zombie (D:4)
  8 rats
289 creatures vanquished.

Vanquished Creatures (others)
  53 fungi
  66 plants
119 creatures vanquished.

Grand Total: 408 creatures vanquished

Notes
Turn   | Place    | Note
-------+----------+-------------------------------------------
     0 | D:1      | Almogavar the Tengu Conjurer began the quest for the Orb.
     0 | D:1      | Reached XP level 1. HP: 10/10 MP: 4/4
   135 | D:1      | Reached XP level 2. HP: 15/15 MP: 1/6
   301 | D:1      | Learned a level 2 spell: Searing Ray
   515 | D:1      | Reached skill level 6 in Conjurations
   743 | D:1      | Reached XP level 3. HP: 19/19 MP: 4/7
  2094 | D:3      | Reached XP level 4. HP: 24/24 MP: 3/9
  2509 | D:3      | Reached skill level 7 in Conjurations
  2509 | D:3      | Gained mutation: You can fly continuously. [Tengu growth]
  2509 | D:3      | Reached XP level 5. HP: 28/28 MP: 6/10
  2654 | D:3      | Learned a level 3 spell: Dazzling Flash
  3771 | D:4      | Noticed a phantom
  3784 | D:4      | Killed a phantom
  3785 | D:4      | Reached XP level 6. HP: 32/32 MP: 0/13
  4653 | D:5      | Entered Level 5 of the Dungeon
  4825 | D:5      | Found a white marble altar of Elyvilon.
  5189 | D:5      | Reached skill level 8 in Conjurations
  5189 | D:5      | Reached XP level 7. HP: 36/36 MP: 8/14
  5230 | D:5      | Found Nuseb's General Store.
  5238 | D:5      | Bought a potion of curing for 42 gold pieces
  5324 | D:5      | Reached skill level 1 in Hexes
  5538 | D:6      | Reached skill level 5 in Spellcasting
  5617 | D:6      | Noticed Eustachio
  5665 | D:6      | Killed Eustachio
  5666 | D:6      | Reached XP level 8. HP: 41/41 MP: 6/17
  5973 | D:6      | Reached skill level 9 in Conjurations
  6121 | D:6      | Learned a level 2 spell: Slow
  6169 | D:6      | Noticed a shadow
  6172 | D:6      | Killed a shadow
  6748 | D:7      | Found Jourezom's Gadget Emporium.
  6807 | D:7      | Noticed Joseph
  6820 | D:7      | Killed Joseph
  6821 | D:7      | Reached skill level 10 in Conjurations
  6821 | D:7      | Reached XP level 9. HP: 14/45 MP: 6/19
  7463 | D:7      | Found a staircase to the Ecumenical Temple.
  7489 | Temple   | Entered the Ecumenical Temple
  7534 | Temple   | Became a worshipper of Sif Muna the Loreminder
  8694 | D:8      | Noticed Maggie
  8701 | D:8      | Reached skill level 11 in Conjurations
  9088 | D:8      | Reached XP level 10. HP: 51/51 MP: 17/23
  9142 | D:8      | Killed Maggie
  9143 | D:8      | Reached skill level 5 in Stealth
  9261 | D:8      | Found a staircase to the Lair.
  9388 | D:8      | Noticed Grum
  9401 | D:8      | Killed Grum
  9520 | D:8      | Noticed a cyclops
  9542 | D:8      | Killed a cyclops
  9542 | D:8      | Reached * piety under Sif Muna
  9543 | D:8      | Reached skill level 12 in Conjurations
 10020 | D:8      | Found a burning altar of Makhleb.
 10494 | D:8      | Found a hide-covered altar of Uskayaw.
 10497 | D:8      | Found an ancient bone altar of Kikubaaqudgha.
 10498 | D:8      | Found a sacrificial altar of Ru.
 10498 | D:8      | Found a broken altar of Ashenzari.
 10505 | D:8      | Found a shadowy altar of Dithmenos.
 10714 | D:8      | Noticed Pikel
 10720 | D:8      | Killed Pikel
 10970 | Lair:1   | Entered Level 1 of the Lair of Beasts
 11376 | D:9      | Noticed Maurice
 11383 | D:9      | Killed Maurice
 11556 | D:9      | Reached XP level 11. HP: 49/55 MP: 15/25
 11557 | D:9      | Reached skill level 1 in Fighting
 11562 | D:9      | Reached skill level 5 in Dodging
 11694 | D:9      | Reached skill level 13 in Conjurations
 11727 | D:9      | Reached ** piety under Sif Muna
 12161 | D:9      | Noticed a two-headed ogre
 12171 | D:9      | Killed a two-headed ogre
 12433 | D:10     | Entered Level 10 of the Dungeon
 12663 | D:10     | Noticed a two-headed ogre
 12676 | D:10     | Killed a two-headed ogre
 12677 | D:10     | Reached skill level 1 in Armour
 12677 | D:10     | Reached skill level 10 in Spellcasting
 12907 | D:10     | Got a flickering turquoise ring
 12909 | D:10     | Identified the ring of Baleng {*Tele rF+} (You found it on
                  | level 10 of the Dungeon)
 13304 | D:10     | Noticed a two-headed ogre
 13314 | D:10     | Killed a two-headed ogre
 13541 | D:10     | Learned a level 4 spell: Fulminant Prism
 13602 | D:11     | Found a staircase to the Orcish Mines.
 13609 | D:11     | Reached *** piety under Sif Muna
 13755 | D:11     | Reached skill level 5 in Hexes
 13992 | D:11     | Got a slimy leather armour
 14003 | D:11     | Identified the cursed +0 leather armour "Guficip" {rElec}
                  | (You found it on level 11 of the Dungeon)
 14182 | D:11     | Noticed a cyclops
 14199 | D:11     | Killed a cyclops
 14200 | D:11     | Reached skill level 14 in Conjurations
 15671 | Lair:1   | Noticed a five-headed hydra
 15680 | Lair:1   | Reached XP level 12. HP: 61/61 MP: 14/28
 15692 | Lair:1   | Killed a five-headed hydra
 16424 | Lair:1   | Noticed a seven-headed hydra
 16447 | Lair:1   | Killed a seven-headed hydra
 16447 | Lair:1   | Reached **** piety under Sif Muna
 17357 | Lair:1   | Noticed a death yak
 17449 | Lair:1   | Killed a death yak
 18728 | Lair:2   | Noticed Harold
 18850 | Lair:2   | Noticed a four-headed hydra
 18875 | Lair:1   | Reached skill level 15 in Conjurations
 19336 | Lair:2   | Killed Harold
 19835 | Lair:1   | Learned a level 4 spell: Cause Fear
 19878 | Lair:2   | HP: 2/62 [four-headed hydra (4)]
 19883 | Lair:2   | Mangled by a four-headed hydra

Illustrated notes

Levels and vault maps discovered:
D:1:      nzn_arrival_crosshair, layout_loops_ring, fountainhead,
          glass_columns_b
D:2:      layout_loops_cross, due_unseen_surprise
D:3:      layout_basic
D:4:      layout_gridville
D:5:      layout_rooms, kennysheep_mini_moat, serial_glass, glass_columns_a,
          glass_columns_a, glass_columns_b, glass_columns_b,
          minmay_strange_pillars, minmay_strange_pillars, serial_shops, shop,
          corexii_shack, kennysheep_generic_room_4
D:6:      layout_cave_pools, hangedman_abyss_or_decor_lesser_grid,
          uniq_eustachio
D:7:      layout_basic, minmay_temple_entry_glass, serial_shops, shop,
          serial_bayou, serial_bayou_pond_e, serial_bayou_shore_a,
          serial_bayou_pond_d, serial_bayou_shore_b, serial_bayou_pond_e,
          st_stairs_11, uniq_joseph
D:8:      layout_basic, makhleb_blood_cavern_becter, minitemple,
          due_lair_maze_entry_diamond, uniq_pikel, uniq_maggie, uniq_grum
D:9:      layout_roguey, minmay_microvault, uniq_maurice
D:10:     layout_roguey
D:11:     layout_grid_maze, kennysheep_orc_monster_closet_entryway
Temple:   regret_index_temple_waves
Lair:1:   layout_chaotic_city, minmay_shattered_shrine
Lair:2:   layout_regular_city, minmay_shoals_entry_beasts,
          nicolae_spider_entry_non_spiders, uniq_harold

Skill      XL: |  1  2  3  4  5  6  7  8  9 10 11 12 |
---------------+-------------------------------------+-----
Conjurations   | 6 7 8 10 11 12 14 15 | 15.1
Spellcasting   | 3 4 5 6 8 9 11 12 | 12.2
Stealth        | 3 4 5 |  5.7
Hexes          | 2 3 4 5 6 |  6.0
Dodging        | 3 4 5 6 |  6.4
Fighting       | 1 |  1.7
Armour         | 2 4 |  4.2

Action                   |  1- 3 |  4- 6 |  7- 9 | 10-12 || total
-------------------------+-------+-------+-------+-------++-------
Melee: Mace              |     1 |     1 |       |       ||     2
       Staff             |       |       |       |    21 ||    21
       Kick              |       |       |       |    10 ||    10
       Peck              |       |       |       |     6 ||     6
 Cast: Magic Dart        |    28 |    57 |    38 |   130 ||   253
       Searing Ray       |    22 |    28 |    50 |   164 ||   264
       Slow              |       |       |     4 |    42 ||    46
       Dazzling Flash    |       |       |       |     3 ||     3
       Cause Fear        |       |       |       |     1 ||     1
  Use: Scroll            |     1 |     3 |     5 |    11 ||    20
       Potion            |       |       |       |     3 ||     3
 Stab: Sleeping          |     1 |       |       |     1 ||     2
Armor: Robe              |     1 |     1 |     3 |     2 ||     7
       Leather armour    |       |       |       |    18 ||    18
Dodge: Dodged            |     2 |    16 |    26 |   149 ||   193
